 Dungeon Crawl Stone Soup version 0.30-a0-1094-g860fb061e7 (webtiles) character file.

Game seed: 12793706656886987616

81 Pimp the Trooper (level 4, -2/41 HPs)
             Began as a Hill Orc Fighter on Apr 17, 2023.
             Slain by a goblin
             ... wielding a +0 club
             ... led by Robin
              (6 damage)
             ... on level 2 of the Dungeon.
             The game lasted 00:02:24 (1018 turns).

Pimp the Trooper (Hill Orc Fighter)                 Turns: 1018, Time: 00:02:24

Health: -2/41      AC:  7    Str: 20    XL:     4   Next: 42%
Magic:  4/4        EV:  9    Int:  8    God:
Gold:   40         SH:  4    Dex: 10    Spells: 3/3 levels left

rFire   . . .      SeeInvis .    a - +0 war axe
rCold   . . .      Faith    .    c - +0 buckler
rNeg    . . .      Spirit   .    b - +0 scale mail
rPois   .          Reflect  .    (no helmet)
rElec   .          Rampage  .    (no cloak)
rCorr   .                        (no gloves)
Will    .....                    (no boots) Stlth
                                 (no amulet)
HPRegen 0.26/turn                (no ring)
MPRegen 0.09/turn                (no ring)

@: no status effects
A: no striking features
a: no special abilities


You were on level 2 of the Dungeon.
You visited 1 branch of the dungeon, and saw 2 of its levels.

You collected 40 gold pieces.

Inventory:

Hand Weapons
 a - a +0 war axe (weapon)
Armour
 b - a +0 scale mail (worn)
 c - a +0 buckler (worn)
Jewellery
 f - a +6 ring of dexterity
Scrolls
 e - a scroll of immolation {unknown}
Potions
 d - a potion of might
 g - a potion of haste {unknown}


   Skills:
 + Level 4.4 Fighting
 + Level 3.7 Axes
 + Level 4.0 Armour
 + Level 3.9 Shields


You had 3 spell levels left.
You didn't know any spells.
Your spell library contained the following spells:

 Spells                   Type           Power      Damage    Failure   Level
 Frozen Ramparts          Ice            0%         1d1       99%         3
 Ice Form                 Ice/Tmut       0%         N/A       100%        4
 Summon Ice Beast         Ice/Summ       0%         N/A       100%        4


Dungeon Overview and Level Annotations

Branches:
Dungeon (2/15)

Altars:

Shops:
D:1 :


Message History

The goblin barely misses you.
You closely miss Robin.
Robin is severely wounded.
You barely miss the goblin. You hit the goblin.
You kill the goblin!
Robin roars a battlecry!
The goblins go into a battle-frenzy!
You block the goblin's attack.
You barely miss Robin.
Robin is severely wounded.
You closely miss the goblin. You closely miss the hobgoblin.
Robin hits you with a +0 dagger.
* * * LOW HITPOINT WARNING * * *
The hobgoblin barely misses you. The goblin barely misses you.
Unknown command.
You hit Robin.
Robin is almost dead.
You closely miss the goblin. You slash the hobgoblin!
You kill the hobgoblin!
The hobgoblin no longer looks unusually strong.
Robin throws the goblin at you! The goblin closely misses you. x2
A hobgoblin comes into view.
The goblin closely misses you. The goblin hits you with a +0 club.
* * * LOW HITPOINT WARNING * * *
The goblin misses you.
You slash Robin!
You kill Robin!
You miss the goblin. You hit the goblin. x2
The goblin hits you but does no damage. x2; The goblin barely misses you.
Your Armour skill increases to level 4!
Unknown command.
You closely miss the goblin.
The goblin is severely wounded.
You closely miss the goblin. x2; You hit the hobgoblin but do no damage.
The goblin hits you with a +0 dagger.
* * * LOW HITPOINT WARNING * * *
The hobgoblin barely misses you. The goblin hits you with a +0 club.
* * * LOW HITPOINT WARNING * * *
The goblin hits you with a +0 club.
You die...

##.## ... #.# #####<#
######.....#
#####......#####
###########.....######
#........##g#####
#.......gg@g#
#.......gg###
#......)))#
#......)g##
#..........
#........##g.
#...>....#


ggg #........# .g #....(...# . You could see 3 hobgoblins and 4 goblins.

Vanquished Creatures
  Robin (D:2)
  4 gnolls (D:2)
  3 bats (D:1)
  4 endoplasms (D:1)
  2 giant cockroaches (D:1)
  5 goblins
  4 hobgoblins
  4 ball pythons
  3 frilled lizards (D:1)
  3 kobolds (D:1)
  2 rats (D:1)
35 creatures vanquished.

Notes
Turn   | Place    | Note
-------+----------+-------------------------------------------
     0 | D:1      | Pimp the Hill Orc Fighter began the quest for the Orb.
     0 | D:1      | Reached XP level 1. HP: 19/19 MP: 1/1
    21 | D:1      | HP: 1/20 [constriction (1)]
   297 | D:1      | Reached XP level 2. HP: 27/27 MP: 2/2
   374 | D:1      | Found Xauneh's Book Emporium.
   728 | D:1      | Reached XP level 3. HP: 29/33 MP: 3/3
  1001 | D:2      | Reached XP level 4. HP: 13/40 MP: 4/4
  1001 | D:2      | Noticed Robin
  1017 | D:2      | Killed Robin
  1018 | D:2      | Slain by a goblin

Illustrated notes

Levels and vault maps discovered:
D:1:      co_arrival_square_in_a_square_in_a_square, layout_basic, serial_shops,
          shop
D:2:      layout_rooms, basic_altar, uniq_natasha, uniq_sigmund, uniq_robin

Skill      XL: |  1  2  3  4 |
---------------+-------------+-----
Axes           | 3 |  3.7
Fighting       | 4 |  4.4
Armour         | 4 |  4.0
Shields        | |  3.9

Action                     |  1- 3 |  4- 6 || total
---------------------------+-------+-------++-------
  Melee: War axe           |    77 |    12 ||    89
 Armour: Scale mail        |    50 |    10 ||    60
  Dodge: Dodged            |    55 |    16 ||    71
  Block: Buckler           |    28 |     1 ||    29

Table legend: (Time is in decaauts)
 A = Elapsed time spent in this place.
 B = Non-inter-level travel time spent in this place.
 C = Inter-level travel time spent in this place.
 D = Time resting spent in this place.
 E = Time spent auto-exploring this place.
 F = Levels seen in this place.
 G = Mean time per level.
                   A        B        C        D        E       F      G
               +--------+--------+--------+--------+--------+-----+--------+
         Total |   1051 |   1006 |     45 |     78 |    703 |   2 |  525.5 |
       Dungeon |   1051 |   1006 |     45 |     78 |    703 |   2 |  525.5 |
               +--------+--------+--------+--------+--------+-----+--------+

Top non-repeatable levels by time:
     D:1: 998 daAuts
     D:2: 53 daAuts
